 Dungeon Crawl Stone Soup version 0.30-a0-632-g346586fe48 (webtiles) character file.

Game seed: 470263579415056703

2915 porpoise the Fighter (level 10, -6/78 HPs)
             Began as a Djinni Fire Elementalist on Jan 14, 2023.
             Was a Priest of Makhleb.
             Mangled by a hornet (9 damage)
             ... on level 8 of the Dungeon.
             The game lasted 00:34:31 (7868 turns).

porpoise the Fighter (Djinni Fire Elementalist)     Turns: 7868, Time: 00:34:31

Health: -6/78      AC:  4    Str:  7    XL:     10   Next: 6%
Gold:   367        EV: 13    Int: 20    God:    Makhleb [***...] SH:  0 Dex: 15

rFire   + + .      SeeInvis .    a - +2 dagger (vamp)
rCold   x . .      Faith    +    (no shield)
rNeg    + . .      Spirit   .    J - +0 leather armour {rN+}
rPois   ∞          Reflect  .    p - +0 hat
rElec   .          Harm     .    w - +0 cloak
rCorr   .          Rampage  .    (no gloves)
Will    +....                    (boots unavailable)
Stlth   ++                       r - amulet of faith
HPRegen 0.33/turn                (no ring)
MPRegen 0.00/turn                (no ring)

@: flying
A: sickness immunity, fire resistance 2, cold vulnerability 1, float, innate
caster, HP casting, extra vitality 1
a: Renounce Religion, Minor Destruction, Lesser Servant of Makhleb


You were on level 8 of the Dungeon.
You worshipped Makhleb.
Makhleb was most pleased with you.
You visited 1 branch of the dungeon, and saw 8 of its levels.
You also visited: Sewer.

You collected 367 gold pieces.

Inventory:

Hand Weapons
 a - a +2 vampiric dagger (weapon)
 b - a +0 sling
 x - a +1 war axe of electrocution
 z - a +0 dagger of protection
 K - a +0 shortbow
Missiles
 g - a throwing net
 j - 6 datura-tipped darts
 y - 24 poisoned darts (quivered)
 E - 5 atropa-tipped darts
 F - 2 boomerangs
Armour
 p - a +0 hat (worn)
 q - an orb of guile
 v - a +0 robe
 w - a +0 cloak (worn)
 J - a +0 leather armour of positive energy (worn)
Jewellery
 r - an amulet of faith (around neck)
 A - a ring of fire
Wands
 h - a wand of polymorph (9)
 L - a wand of iceblast (6)
Scrolls
 c - 2 scrolls of magic mapping
 d - a scroll of teleportation
 e - 2 scrolls of blinking
 f - a scroll of enchant armour {unknown}
 t - a scroll of fog {unknown}
 B - a scroll of amnesia {unknown}
 D - a scroll of summoning
 H - a scroll of vulnerability
 I - 2 scrolls of noise
Potions
 i - 6 potions of heal wounds
 k - 2 potions of berserk rage
 l - 4 potions of might
 m - a potion of mutation {unknown}
 n - 3 potions of lignification
 o - 2 potions of attraction
 s - a potion of brilliance {unknown}
 u - a potion of ambrosia {unknown}
 C - 6 potions of curing
 G - a potion of magic


   Skills:
 - Level 9.0 Fighting
 + Level 2.0 Armour
 - Level 4.7 Dodging
 - Level 1.5 Stealth
 + Level 6.0 Spellcasting
 + Level 4.3 Invocations


You couldn't memorise any spells.
You knew the following spells:

 Your Spells              Type           Power      Damage    Failure   Level
a - Foxfire               Conj/Fire      100%       2x1d9     1%          1
b - Searing Ray           Conj           60%        2d6       1%          2
c - Kindle Blastsparks    Fire/Tloc/Air  60%        2d15      3%          3
d - Inner Flame           Hex/Fire       30%        N/A       3%          3
e - Flame Wave            Conj/Fire      30%        2d9       12%         4
f - Sting                 Tmut/Pois      100%       1d8       1%          1
g - Ensorcelled Hibernat  Hex/Ice        60%        N/A       1%          2
p - Petrify               Tmut/Erth      30%        N/A       12%         4
s - Scorch                Fire           60%        2d8       1%          2
Your spell library was empty.

Dungeon Overview and Level Annotations

Branches:
Dungeon (8/15)             Temple (0/1) D:4            Lair (0/5) D:8
  Sewer (visited)

Altars:
Elyvilon
Fedhas
Gozag
Hepliaklqana
Makhleb
Okawaru
Uskayaw
Xom
Yredelemnul
Zin
The Shining One

Shops:
D:1 =   D:7 (

Annotations:
D:8 3 runed translucent doors, ragingrage's ghost, novice OpAr


Innate Abilities, Weirdness & Mutations

You are immune to sickness and miasma.
You are immune to poison.
Your flesh is very heat resistant. (rF++)
You are vulnerable to cold. (rC-)
You float through the air rather than walking.
You learn spells naturally, not from books.
Your magical power is your life essence.
You have superior vitality. (+4 MHP)


Message History

Confirm with . or Enter, or press ? or * to list all spells.
Okay, then.
Unknown command.
Casting: Ensorcelled Hibernation (safe; 1% risk of failure)
Confirm with . or Enter, or press ? or * to list all spells.
Okay, then.
Casting: Ensorcelled Hibernation (safe; 1% risk of failure)
Confirm with . or Enter, or press ? or * to list all spells.
Flames lash the hornet.
The hornet is moderately wounded.
The hornet's fire resistance burns away.
The hornet stings you!
Casting: Scorch (safe; 1% risk of failure)
Confirm with . or Enter, or press ? or * to list all spells.
Aiming: Ensorcelled Hibernation (safe; 1% risk of failure)
Press: ? - help, Shift-Dir - straight line, f/p - hornet
Aim: a hornet (moderately wounded, more vulnerable to fire, not susceptible)
Okay, then.
Unknown command.
Unknown command.
Casting: Ensorcelled Hibernation (safe; 1% risk of failure)
Confirm with . or Enter, or press ? or * to list all spells.
Aiming: Searing Ray (safe; 1% risk of failure)
Press: ? - help, Shift-Dir - straight line, f/p - hornet
Aim: a hornet (moderately wounded, more vulnerable to fire, 69% to hit)
The searing ray hits the hornet.
The hornet is moderately wounded. (Press . to maintain the ray.)
The hornet stings you! The hornet stings you.
The searing ray hits the hornet!
The hornet is severely wounded.
The hornet stings you!
* * * LOW HITPOINT WARNING * * *
The searing ray hits the hornet.
The hornet is almost dead.
* * * LOW HITPOINT WARNING * * *
The hornet stings you!
* * * LOW HITPOINT WARNING * * *
The hornet stings you!
You die...

### #.#
#.#################
#..........@y......
#.#################
#.#............#
#.##.#########.#
######.##.# ######.###
.......##.# #........#
.......##.# #........###
.......##.####........#..
###.##.#....##........#.#


You could see a hornet (combustible).

Vanquished Creatures
  Sigmund (D:5)
  3 yaks (D:8)
  A black bear (D:6)
  A sky beast (D:7)
  2 ice beasts
  An ogre (D:5)
  A phantom (D:5)
  2 centaurs (D:7)
  4 kobold brigands (Sewer)
  2 scorpions
  4 killer bees (D:7)
  3 howler monkeys (D:7)
  A crimson imp (D:3)
  A jelly (D:6)
  2 hounds (D:6)
  An orc priest (D:5)
  Jessica (D:3)
  2 gnoll boudas
  6 iguanas
  Natasha (thrice) (D:3)
  7 gnolls
  14 adders
  A white imp (D:7)
  An ufetubus (D:4)
  2 worms (Sewer)
  17 orcs
  3 bats
  15 endoplasms
  8 giant cockroaches
  10 goblins
  11 hobgoblins
  7 jackals
  16 kobolds
  4 quokkas
  5 ball pythons
  5 frilled lizards
  11 rats
179 creatures vanquished.

Vanquished Creatures (collateral kills)
  A steam dragon (D:7)
1 creature vanquished.

Vanquished Creatures (others)
  354 foxfires
  2 fungi (D:8)
  3 plants (D:8)
359 creatures vanquished.

Grand Total: 539 creatures vanquished

Notes
Turn   | Place    | Note
-------+----------+-------------------------------------------
     0 | D:1      | porpoise the Djinni Fire Elementalist began the quest for
                  | the Orb.
     0 | D:1      | porpoise set off with the following spells memorised:
                  | Foxfire, Scorch, Kindle Blastsparks, Inner Flame, Flame
                  | Wave.
     0 | D:1      | Reached XP level 1. HP: 15/15 MP: 0/0
    61 | D:1      | Reached skill level 1 in Fighting
    61 | D:1      | Reached XP level 2. HP: 8/22 MP: 0/0
   263 | D:1      | Reached XP level 3. HP: 25/27 MP: 0/0
   263 | D:1      | Learned a level 1 spell: Sting
   549 | D:1      | Found Viden's Jewellery Shoppe.
   555 | D:1      | Reached skill level 2 in Fighting
  1020 | D:2      | Reached XP level 4. HP: 33/33 MP: 0/0
  1634 | D:3      | Noticed Jessica
  1645 | D:3      | Killed Jessica
  1646 | D:3      | Reached XP level 5. HP: 26/40 MP: 0/0
  1646 | D:3      | Learned a level 2 spell: Searing Ray
  1648 | D:3      | Reached skill level 3 in Fighting
  1740 | D:3      | Noticed Natasha
  1744 | D:3      | Killed Natasha
  1918 | D:3      | Noticed Natasha
  2011 | D:3      | Killed Natasha
  2077 | D:3      | Noticed Natasha
  2081 | D:3      | Killed Natasha
  2082 | D:3      | Reached XP level 6. HP: 42/46 MP: 0/0
  2311 | D:3      | Found a burning altar of Makhleb.
  2438 | D:3      | Found a shimmering altar of Xom.
  2449 | D:3      | Became a worshipper of Makhleb the Destroyer
  2727 | D:4      | Reached skill level 4 in Fighting
  2763 | D:4      | Found a blossoming altar of Fedhas.
  2780 | D:4      | Found a staircase to the Ecumenical Temple.
  2836 | D:4      | Found a glowing drain.
  2887 | Sewer    | Entered a sewer
  2920 | Sewer    | Reached XP level 7. HP: 45/53 MP: 0/0
  2920 | Sewer    | Learned a level 2 spell: Ensorcelled Hibernation
  3145 | Sewer    | Reached skill level 5 in Fighting
  3281 | Sewer    | Reached * piety under Makhleb
  3623 | Sewer    | Reached skill level 5 in Spellcasting
  3872 | D:4      | Reached XP level 8. HP: 57/61 MP: 0/0
  3925 | D:4      | Reached skill level 6 in Fighting
  4441 | D:5      | Entered Level 5 of the Dungeon
  4495 | D:5      | Reached ** piety under Makhleb
  4497 | D:5      | Noticed Sigmund
  4511 | D:5      | Killed Sigmund
  4512 | D:5      | Reached skill level 7 in Fighting
  4619 | D:5      | Found a hazy altar of Hepliaklqana.
  4619 | D:5      | Found a basalt altar of Yredelemnul.
  4623 | D:5      | Found a glowing golden altar of the Shining One.
  4624 | D:5      | Found a white marble altar of Elyvilon.
  5037 | D:5      | Reached skill level 8 in Fighting
  5696 | D:6      | Reached XP level 9. HP: 67/71 MP: 0/0
  5696 | D:6      | Learned a level 4 spell: Petrify
  5851 | D:6      | Reached skill level 9 in Fighting
  5951 | D:6      | Reached skill level 1 in Invocations
  5999 | D:6      | Found an opulent altar of Gozag.
  5999 | D:6      | Found a glowing silver altar of Zin.
  6310 | D:7      | Found a hide-covered altar of Uskayaw.
  7363 | D:7      | Found Furehan's Weapon Shoppe.
  7413 | D:8      | Reached *** piety under Makhleb
  7574 | D:8      | Reached skill level 1 in Armour
  7584 | D:8      | Reached XP level 10. HP: 58/78 MP: 0/0
  7708 | D:8      | Found an iron altar of Okawaru.
  7761 | D:8      | Found a runed translucent gate.
  7761 | D:8      | Found a runed translucent gate.
  7761 | D:8      | Noticed ragingrage's ghost (novice OpAr)
  7762 | D:8      | Found a runed translucent gate.
  7824 | D:8      | Found a staircase to the Lair.
  7868 | D:8      | HP: 3/78 [hornet (12)]
  7868 | D:8      | Mangled by a hornet

Illustrated notes

Levels and vault maps discovered:
D:1:      lemuel_arrival_broad_hall, layout_basic, serial_shops,
          nicolae_shop_hallway_stairs, skrybe_limestone_x
D:2:      layout_basic, ebering_dispersal_statue_hall
D:3:      layout_basic, grunt_temple_overflow_champion_of_chaos, minivault_11,
          uniq_natasha, uniq_jessica
D:4:      layout_basic, fedhas_altar_1, minmay_temple_entry_tees,
          portal_sewer_entry_d, minmay_checkerbox
D:5:      layout_basic, grunt_temple_overflow_open, uniq_sigmund
D:6:      layout_layer_cave, grunt_temple_overflow_gold_and_silver,
          mainiacjoe_overflow_catwalk
D:7:      layout_loops_cross, kennysheep_mini_moat, serial_shops,
          kennysheep_mini
D:8:      layout_basic, mainiacjoe_overflow_small_starburst, dpeg_oklobed_lair,
          gammafunk_ghost_nasty_kobolds, nicolae_zen_rock_garden,
          minmay_pinched_square

Skill      XL: |  1  2  3  4  5  6  7  8  9 10 |
---------------+-------------------------------+-----
Fighting       | 1 2 3 4 5 8 9 |  9.0
Spellcasting   | 3 4 5 6 |  6.0
Invocations    | 4 |  4.3
Dodging        | 4 |  4.7
Armour         | 1 2 |  2.0
Stealth        | |  1.5

Action                   |  1- 3 |  4- 6 |  7- 9 | 10-12 || total
-------------------------+-------+-------+-------+-------++-------
Melee: Unarmed           |     3 |       |       |       ||     3
       Dagger            |    10 |    11 |    45 |     3 ||    69
 Cast: Foxfire           |    55 |    43 |    99 |     4 ||   201
       Scorch            |       |    16 |    25 |     2 ||    43
       Searing Ray       |       |     8 |    27 |     1 ||    36
       Inner Flame       |       |       |     1 |       ||     1
       Ensorcelled Hiber |       |       |     2 |     1 ||     3
       Flame Wave        |       |       |     3 |       ||     3
       Petrify           |       |       |     1 |       ||     1
  Use: Scroll            |       |     9 |    10 |       ||    19
       Potion            |       |       |     1 |       ||     1
 Stab: Sleeping          |     1 |       |     3 |       ||     4
Armor: Robe              |     3 |     6 |     9 |       ||    18
       Leather armour    |       |       |     9 |     2 ||    11
Dodge: Dodged            |     9 |    16 |    74 |     4 ||   103

Table legend: (Time is in decaauts)
 A = Elapsed time spent in this place.
 B = Non-inter-level travel time spent in this place.
 C = Inter-level travel time spent in this place.
 D = Time resting spent in this place.
 E = Time spent auto-exploring this place.
 F = Levels seen in this place.
 G = Mean time per level.
                   A        B        C        D        E       F      G
               +--------+--------+--------+--------+--------+-----+--------+
         Total |   7863 |   7691 |    172 |   1903 |   4409 |   9 |  873.7 |
       Dungeon |   6998 |   6826 |    172 |   1617 |   4049 |   8 |  874.8 |
         Sewer |    865 |    865 |      0 |    286 |    360 |   1 |  865.0 |
               +--------+--------+--------+--------+--------+-----+--------+

Top non-repeatable levels by time:
     D:7: 1123 daAuts
     D:3: 1010 daAuts
     D:5: 990 daAuts
     D:4: 930 daAuts
     D:2: 925 daAuts
   Sewer: 865 daAuts
     D:6: 815 daAuts
     D:1: 706 daAuts
     D:8: 495 daAuts
